 Dungeon Crawl Stone Soup version 0.24.1 (webtiles) character file.

Game seed: 3165859811014535907, levelgen mode: deterministic

242 Descartes the Magician (level 5, -1/28 HPs)
             Began as a Deep Elf Air Elementalist on Mar 27, 2020.
             Killed by divine providence
             ... invoked by an orc priest
              (9 damage)
             ... on level 4 of the Dungeon.
             The game lasted 00:09:17 (4053 turns).

Descartes the Magician (Deep Elf Air Elementalist)  Turns: 4053, Time: 00:09:18

Health: -1/28      AC:  3    Str:  5    XL:     5   Next: 81%
Magic:  0/13       EV: 13    Int: 21    God:
Gold:   151        SH:  0    Dex: 15    Spells: 7/12 levels left

rFire    . . .     SeeInvis .   y - +0 short sword
rCold    + . .     Gourm    .   (no shield)
rNeg     . . .     Faith    .   d - +0 leather armour
rPois    .         Spirit   +   (no helmet)
rElec    .         Reflect  .   r - scarf {Spirit}
rCorr    .         Harm     .   (no gloves)
MR       .....                  (no boots)
Stlth    ++........             (no amulet)
HPRegen  0.09/turn              q - ring of protection from cold
MPRegen  0.13/turn              (no ring)

@: no status effects
A: no striking features
a: no special abilities


You were on level 4 of the Dungeon.
You were not hungry.

You visited 1 branch of the dungeon, and saw 4 of its levels.

You collected 151 gold pieces.

Inventory:

Hand Weapons
 y - a +0 short sword (weapon)
Missiles
 e - 100 stones (quivered)
 l - 44 arrows
Armour
 a - a +0 robe
 d - a +0 leather armour (worn)
 j - a +2 cloak
 r - a scarf of spirit shield (worn)
Jewellery
 o - a cursed ring of resist corrosion
 q - a ring of protection from cold (left hand)
 w - an uncursed amulet of regeneration {unknown}
 z - an uncursed amulet of guardian spirit {unknown}
Scrolls
 b - 5 scrolls of identify {unknown}
 h - a scroll of immolation {unknown}
 i - 2 scrolls of teleportation {unknown}
 k - a scroll of amnesia {unknown}
 m - 2 scrolls of fog {unknown}
 s - a scroll of magic mapping {unknown}
 t - 2 scrolls of remove curse {unknown}
 u - a scroll of enchant armour {unknown}
 x - 2 scrolls of random uselessness {unknown}
Potions
 f - 2 potions of lignification {unknown}
 g - 5 potions of curing {unknown}
 n - 2 potions of degeneration {unknown}
 p - 3 potions of heal wounds {unknown}
Comestibles
 c - 9 rations


   Skills:
 + Level 3.9 Dodging
 + Level 4.2 Stealth
 + Level 4.4 Spellcasting
 + Level 3.0 Conjurations
 + Level 3.9 Air Magic


You had 7 spell levels left.
You knew the following spells:

 Your Spells              Type           Power        Failure   Level  Hunger
a - Shock                 Conj/Air       ###.         4%          1    None
b - Airstrike             Air            ###.......   36%         4    ####...

Your spell library contained the following spells:

 Spells                   Type           Power        Failure   Level  Hunger
 Swiftness                Chrm/Air       ##......     13%         2    #......
 Static Discharge         Conj/Air       ###.....     14%         3    ##.....
 Lightning Bolt           Conj/Air       ###.......   77%         5    ######.


Dungeon Overview and Level Annotations

Branches:
Dungeon (4/15)
 Temple: D:4-7

Altars:
Ru


Message History

Aim: an orc, wielding a +0 war axe The zap misses the orc.
An orc wizard comes into view.
It is wielding a +0 dagger and wearing a +1 robe of magic resistance.
The orc priest invokes the aid of Beogh against you.
Pain shoots through your body!
Casting: Shock (safe; 4% risk of failure)
Confirm with . or Enter, or press ? or * to list all spells.
Aiming: Shock (safe; 4% risk of failure)
Press: ? - help, Shift-Dir - straight line, f/p - orc
Aim: an orc, wielding a +0 war axe The zap hits the orc.
The orc is lightly wounded.
The zap hits the orc wizard but does no damage.
The orc wizard shouts!
The orc priest calls down the wrath of Beogh upon you.
Beogh smites you!
* * * LOW HITPOINT WARNING * * *
The orc priest invokes the aid of Beogh against you.
Beogh smites you!
You die...

#.#...# #..#
##.### ....##
#.## #<.####
#.####.....#
#.......##..#
#......## +#
##......#
##.......#
#..).....#
##@.รท.....#
#?........#
#..........###
##.o.%.###)....
#.o#### ######
..o. ...[o
.oo).. .....^


You could see 2 orc priests, 2 orc wizards and 2 orcs.

Vanquished Creatures
  A sky beast (D:3)
  An orc wizard (D:4)
  3 adders
  A gnoll (D:1)
  3 oozes
  3 worms (D:3)
  4 orcs
  3 bats (D:1)
  2 giant cockroaches (D:3)
  3 goblins
  9 hobgoblins
  8 jackals (D:1)
  2 frilled lizards
  7 kobolds
  12 rats
62 creatures vanquished.

Notes
Turn   | Place    | Note
-------+----------+-------------------------------------------
     0 | D:1      | Descartes the Deep Elf Air Elementalist began the quest for
                  | the Orb.
     0 | D:1      | Reached XP level 1. HP: 10/10 MP: 6/6
   226 | D:1      | Reached XP level 2. HP: 11/15 MP: 4/8
  1048 | D:1      | Reached XP level 3. HP: 12/19 MP: 6/9
  2670 | D:3      | Reached XP level 4. HP: 23/24 MP: 7/11
  2846 | D:3      | Found a sacrificial altar of Ru.
  3395 | D:3      | Noticed a sky beast
  3403 | D:3      | Learned a level 4 spell: Airstrike
  3420 | D:3      | Killed a sky beast
  3420 | D:3      | Reached XP level 5. HP: 21/28 MP: 0/13
  3855 | D:4      | Noticed an ogre
  4053 | D:4      | Killed from afar by an orc priest

Levels and vault maps discovered:
D:1:      kennysheep_arrival_seaside, layout_loops_ring
D:2:      layout_basic, nrook_loot_triangle
D:3:      layout_loops_corners, nicolae_ru_path_of_blood
D:4:      layout_rooms, elyvilon_altar_3, kennysheep_mini,
          minmay_temple_entry_junction, led_xom_imps, uniq_blork_the_orc

Skill      XL: |  1  2  3  4  5 |
---------------+----------------+-----
Stealth        | 3 4 |  4.2
Dodging        | 3 |  3.9
Conjurations   | 2 3 |  3.0
Spellcasting   | 4 |  4.4
Air Magic      | |  3.9

Action                   |  1- 3 |  4- 6 || total
-------------------------+-------+-------++-------
Melee: Unarmed           |     7 |       ||     7
       Short sword       |       |     3 ||     3
 Cast: Shock             |    88 |    68 ||   156
       Airstrike         |       |     2 ||     2
  Eat: Chunk             |     5 |     5 ||    10
Armor: Leather armour    |    17 |     2 ||    19
Dodge: Dodged            |    40 |     4 ||    44
